 Dungeon Crawl Stone Soup version 0.21.1-1-g345015f (webtiles) character file.

290 inc the Scratcher (level 6, 24/24 HPs)
             Began as a Felid Enchanter on Mar 11, 2018.
             Quit the game on level 5 of the Dungeon.
             The game lasted 00:09:17 (5728 turns).

inc the Scratcher (Felid Enchanter)                 Turns: 5728, Time: 00:09:18

Health: 24/24      AC:  2    Str:  6    XL:     6   Next: 9%
Magic:  10/10      EV: 18    Int: 18    God:
Gold:   206        SH:  0    Dex: 17    Spells: 3/9 levels left
                                        Lives:  1   Deaths: 1

rFire    + . .     SeeInvis +     - Unarmed
rCold    . . .     Gourm    .   (shield unavailable)
rNeg     . . .     Faith    .   (armour unavailable)
rPois    .         Spirit   +   (helmet unavailable)
rElec    .         Reflect  .   (cloak unavailable)
rCorr    .         Harm     .   (gloves unavailable)
MR       .....                  (boots unavailable)
Stlth    +++.......             j - amulet of guardian spirit
HPRegen  0.08/turn              f - +2 ring of strength
MPRegen  0.12/turn              (no ring)

@: flying, quick
A: very small, no armour, no weapons or thrown items, stealth, claws 1, fangs 3,
see invisible, carnivore, fire resistance 1, speed 1, screaming 1, shaggy fur 2,
slow metabolism 1, wild magic 1, sharp paws
a: no special abilities


You were on level 5 of the Dungeon.
You were not hungry.

You visited 1 branch of the dungeon, and saw 5 of its levels.

You collected 206 gold pieces.

Inventory:

Jewellery
 f - a +2 ring of strength (left paw)
 j - an amulet of guardian spirit (around neck)
 k - an uncursed ring of loudness
Wands
 s - a wand of acid (10)
Scrolls
 d - 3 scrolls of enchant armour
 g - 3 scrolls of teleportation
 i - a scroll of random uselessness
 l - 2 scrolls of fear
 m - a scroll of blinking {unknown}
 o - a scroll of magic mapping {unknown}
 p - 2 scrolls of remove curse
 r - 2 scrolls of enchant weapon {unknown}
Potions
 c - 3 potions of lignification
 e - 2 potions of flight
 h - a potion of brilliance
 n - 2 potions of might
Books
 a - a book of Maledictions

   Spells                             Type                      Level
   a - Corona                         Hexes                        1
   b - Ensorcelled Hibernation        Hexes/Ice                    2
   c - Confuse                        Hexes                        3
   d - Tukima's Dance                 Hexes                        3
   e - Dazzling Spray                 Conjuration/Hexes            3
Comestibles
 b - 6 rations


   Skills:
 - Level 0.1 Fighting
 - Level 3.0 Dodging
 - Level 4.3 Stealth
 + Level 6.9 Unarmed Combat
 - Level 2.3 Spellcasting
 - Level 5.1 Hexes
 - Level 0.3 Ice Magic


You had 3 spell levels left.
You knew the following spells:

 Your Spells              Type           Power        Failure   Level  Hunger
a - Corona                Hex            ####...      3%          1    #......
b - Ensorcelled Hibernat  Hex/Ice        ###...       13%         2    ##.....
c - Confuse               Hex            ####....     10%         3    ###....


Dungeon Overview and Level Annotations

Branches:
Dungeon (5/15)
 Temple: D:4-7

Altars:
Zin

Shops:
D:4 [

Annotations:
D:5 Grinder


Innate Abilities, Weirdness & Mutations

You cannot wear armour.
You are incapable of wielding weapons or throwing items.
Your paws allow you to move quietly. (Stealth)
You have sharp claws.
You have razor-sharp teeth.
You have supernaturally acute eyesight. (SInv)
You are carnivorous and can eat meat at any time.
You cover ground quickly.
You are covered in thick fur. (AC +2)
You have a slow metabolism.
Your sharp claws are effective at attacking unaware monsters.
Your flesh is heat resistant. (rF+)
You occasionally shout uncontrollably at your foes.
Your spells are a little harder to cast, but a little more powerful.


Message History

Grinder gestures at you.
You suddenly lose the ability to move!
Grinder hits you! x2
* * * LOW HITPOINT WARNING * * *
You writhe in agony.
* * * LOW HITPOINT WARNING * * *
Grinder hits you but does no damage. Grinder hits you!
You die...
You writhe in agony.
You can move again.
You are now level 6!
You rejoin the land of the living...
It was a potion of flight.
You feel very buoyant.
You fly up into the air.
It was a potion of mutation.
You feel extremely strange.
You feel the urge to shout.
You feel less in control of your magic.
You feel resistant to heat.
Are you sure you want to abandon this character and quit the game? (Confirm with "yes".)

######
#@...#
#.##.#
#.#
#.#
...
### #
# #


There were no monsters in sight!

Vanquished Creatures
  A scorpion (D:4)
  A howler monkey (D:4)
  A crimson imp (D:5)
  2 hounds
  2 bullfrog skeletons
  Crazy Yiuf (D:2)
  Jessica (D:2)
  3 worker ants (D:4)
  2 hound skeletons (D:4)
  3 gnolls
  6 adders
  2 worms
  A dart slug (D:2)
  4 leopard geckos
  An orc (D:4)
  12 bats
  4 giant cockroaches
  4 goblins
  4 hobgoblins
  10 jackals (D:3)
  13 kobolds
  A quokka (D:2)
  6 frilled lizards
  5 rats
90 creatures vanquished.

Notes
Turn   | Place    | Note
-------+----------+-------------------------------------------
     0 | D:1      | inc the Felid Enchanter began the quest for the Orb.
     0 | D:1      | Reached XP level 1. HP: 7/7 MP: 4/4
   180 | D:1      | Reached XP level 2. HP: 4/11 MP: 1/6
   644 | D:1      | Reached skill level 5 in Hexes
  1112 | D:2      | Learned a level 2 spell: Ensorcelled Hibernation
  1139 | D:2      | Reached XP level 3. HP: 13/14 MP: 0/7
  1170 | D:2      | Noticed Jessica
  2189 | D:1      | Learned a level 3 spell: Confuse
  2229 | D:2      | Found a runed door.
  2607 | D:2      | Killed Jessica
  2607 | D:2      | Reached skill level 2 in Unarmed Combat
  2607 | D:2      | Reached XP level 4. HP: 18/18 MP: 8/8
  2799 | D:2      | Reached skill level 3 in Unarmed Combat
  3007 | D:2      | Noticed Crazy Yiuf
  3024 | D:2      | Killed Crazy Yiuf
  3254 | D:3      | Reached XP level 5. HP: 21/21 MP: 1/9
  3509 | D:3      | Reached skill level 4 in Unarmed Combat
  3923 | D:4      | Reached skill level 5 in Unarmed Combat
  3946 | D:4      | Gained mutation: You are covered in thick fur. (AC +2) [Felid growth]
  3946 | D:4      | Reached XP level 6. HP: 24/24 MP: 10/10
  4215 | D:4      | Reached skill level 6 in Unarmed Combat
  4530 | D:4      | Found a glowing silver altar of Zin.
  4606 | D:4      | Found Duogg's Armour Emporium.
  5048 | D:5      | Entered Level 5 of the Dungeon
  5082 | D:5      | Reached XP level 7. HP: 27/27 MP: 2/11
  5705 | D:5      | Noticed Grinder
  5721 | D:5      | Paralysed by Grinder for 4 turns
  5725 | D:5      | Slain by Grinder
  5726 | D:5      | Reached XP level 6. HP: -3/24 MP: 0/10
  5727 | D:5      | Gained mutation: You occasionally shout uncontrollably at your foes. [potion of mutation]
  5727 | D:5      | Gained mutation: Your spells are a little harder to cast, but a little more powerful. [potion of mutation]
  5727 | D:5      | Gained mutation: Your flesh is heat resistant. (rF+) [potion of mutation]
  5728 | D:5      | Quit the game

Skill      XL: |  1  2  3  4  5  6 |
---------------+-------------------+-----
Dodging        | 3 |  3.0
Hexes          | 5 |  5.1
Unarmed Combat | 2 3 5 6 |  6.9
Fighting       | |  0.1
Stealth        | |  4.3
Spellcasting   | |  2.3
Ice Magic      | |  0.3

Action                   |  1- 3 |  4- 6 |  7- 9 || total
-------------------------+-------+-------+-------++-------
Melee: Unarmed           |   102 |   154 |    21 ||   277
       Bite              |     8 |     8 |       ||    16
       Punch             |       |     1 |     1 ||     2
 Cast: Corona            |    16 |       |       ||    16
       Ensorcelled Hiber |    26 |    29 |     8 ||    63
       Confuse           |       |     5 |     1 ||     6
  Use: Scroll            |     3 |     7 |       ||    10
       Potion            |       |     4 |     1 ||     5
 Stab: Sleeping          |    19 |    28 |     2 ||    49
       Confused          |       |     2 |       ||     2
  Eat: Chunk             |     2 |     7 |       ||     9
       Ration            |     1 |     1 |       ||     2
Armor: Skin              |    13 |    20 |     3 ||    36
Dodge: Dodged            |   102 |   176 |    21 ||   299
